 Dungeon Crawl Stone Soup version 0.29.0-11-gd7f09526c8 (webtiles) character file.

Game seed: 1692012084953911935

23 blackman the Sneak (level 2, 0/24 HPs)
             Began as a Demonspawn Delver on Sept 5, 2022.
             Slain by a phantom (1 damage)
             ... on level 6 of the Dungeon.
             The game lasted 00:03:23 (617 turns).

blackman the Sneak (Demonspawn Delver)               Turns: 617, Time: 00:03:24

Health: 0/24       AC:  5    Str: 12    XL:     2   Next: 72%
Magic:  0/2        EV: 11    Int: 11    God:
Gold:   30         SH:  0    Dex: 14    Spells: 1/1 levels left

rFire   . . .      SeeInvis .   j - +0 great mace
rCold   . . .      Faith    .   (shield currently unavailable)
rNeg    . . .      Spirit   +   b - +0 leather armour
rPois   .          Reflect  .   (no helmet)
rElec   .          Harm     .   (no cloak)
rCorr   .          Rampage  .   (no gloves)
Will    .....                   (no boots)
Stlth   ++........              i - amulet of guardian spirit
HPRegen 0.08/turn               (no ring)
MPRegen 0.08/turn               (no ring)

@: hasted, very quick
A: slimy green scales 1
a: no special abilities


You were on level 6 of the Dungeon.
You visited 1 branch of the dungeon, and saw 2 of its levels.

You collected 30 gold pieces.

Inventory:

Hand Weapons
 a - a +0 spear
 j - a +0 great mace (weapon)
Missiles
 o - 6 poisoned darts (quivered)
Armour
 b - a +0 leather armour (worn)
 n - a +0 plate armour
Jewellery
 i - an amulet of guardian spirit (around neck)
 k - an amulet of the acrobat
Wands
 g - a wand of digging (3)
Scrolls
 c - a scroll of fog
 d - a scroll of magic mapping
 e - a scroll of fear
 h - 2 scrolls of identify {unknown}
 l - a scroll of immolation {unknown}
 m - 2 scrolls of teleportation {unknown}


   Skills:
 - Level 3.0 Fighting
 * Level 2.2 Maces & Flails
 - Level 1.7 Polearms
 - Level 1.7 Dodging
 - Level 4.5 Stealth


You had one spell level left.
You didn't know any spells.
Your spell library was empty.

Dungeon Overview and Level Annotations

Branches:
Dungeon (6/15)
 Temple: D:4-7

Altars:


Innate Abilities, Weirdness & Mutations

You are partially covered in slimy green scales. (AC +2)


Message History

You closely miss the adder. The adder barely misses you. x2
You barely miss the adder. The adder barely misses you. x2
You closely miss the adder. The adder bites you but does no damage.
The adder barely misses you.
You miss the adder. The adder barely misses you. The adder closely misses you.
You closely miss the adder. The adder bites you.
You are poisoned.
The adder poisons you! The adder bites you.
You are more poisoned.
The adder poisons you!
You miss the adder.
You feel very sick. The adder bites you but does no damage.
The adder closely misses you.
You sock the adder!
You kill the adder!
You feel very sick.
Your Maces & Flails skill increases to level 2!
You feel yourself speed up.
You feel sick. The phantom hits you.
* * * LOW HITPOINT WARNING * * *
The phantom blinks!
You blink.
You feel sick.
You feel sick.
You feel sick.
You feel sick.
You feel sick.
You are no longer poisoned.
Unknown command.
Found a scroll labelled QULEKLO XUOHOT.
m - 2 scrolls labelled QULEKLO XUOHOT (gained 1)
A shadow imp and an ufetubus come into view.
Found a helmet.
Press: ? - help, v - describe, . - travel
Here: a shadow imp (wandering, hasn't noticed you)
The floor.
Unknown command.
You miss the phantom. The phantom hits you.
* * * LOW HITPOINT WARNING * * *
The phantom blinks!
You blink.
The phantom hits you.
You die...

#.........# #.#
#.........# #.#
#.# ##.## #.#
##...## #.# #.....
#.# ##... #§#
##...###########.#
...............W@#
##...#############
###.# #.# #†# #.#
#.# #.# #.#


You could see a phantom.

Vanquished Creatures
  An adder (D:6)
  A gnoll (D:5)
  An orc (D:5)
  A quokka (D:5)
4 creatures vanquished.

Notes
Turn   | Place    | Note
-------+----------+-------------------------------------------
     0 | D:5      | blackman the Demonspawn Delver began the quest for the Orb.
     0 | D:5      | Reached XP level 1. HP: 18/18 MP: 1/1
   116 | D:5      | Reached skill level 1 in Maces & Flails
   116 | D:5      | Gained mutation: You are partially covered in slimy green
                  | scales. (AC +2) [demonic ancestry]
   116 | D:5      | Reached XP level 2. HP: 24/24 MP: 2/2
   147 | D:5      | Noticed a gnoll sergeant
   154 | D:6      | Noticed a howler monkey
   505 | D:5      | Noticed an ice beast
   577 | D:6      | Noticed a phantom
   616 | D:6      | HP: 1/24 [phantom (3)]
   617 | D:6      | Slain by a phantom

Illustrated notes

Levels and vault maps discovered:
D:5:      lemuel_ice_spiral_2, layout_rooms
D:6:      kennysheep_housing_project, layout_loops_corners,
          gup_ossuary_entry_pyramid

Skill      XL: |  1  2 |
---------------+-------+-----
Maces & Flails | 1 2 |  2.2
Fighting       | |  3.0
Polearms       | |  1.7
Dodging        | |  1.7
Stealth        | |  4.5

Action                   || total
-------------------------++-------
Melee: Great mace        ||    29
  Use: Scroll            ||     1
       Potion            ||     1
 Stab: Sleeping          ||     1
Armor: Leather armour    ||    10
Dodge: Dodged            ||    30
